 Dungeon Crawl Stone Soup version 0.28.0-53-g5a82cb258f (webtiles) character file.

Game seed: 16185501627219525434

16243 Peloso the Carver (level 12, -2/108 HPs)
             Began as a Minotaur Fighter on May 21, 2022.
             Was a High Priest of Okawaru.
             Slain by a minotaur
             ... wielding a staff of cold
              (20 damage)
             ... in a Gauntlet.
             The game lasted 00:35:14 (16867 turns).

Peloso the Carver (Minotaur Fighter)               Turns: 16867, Time: 00:35:14

Health: -2/108     AC: 25    Str: 28    XL:     12   Next: 8%
Magic:  11/13      EV: 12    Int:  5    God:    Okawaru [*****.]
Gold:   416        SH:  7    Dex: 12    Spells: 11/11 levels left

rFire   + . .      SeeInvis .   a - +0 long sword (flame)
rCold   . . .      Faith    .   d - +0 buckler
rNeg    . . .      Spirit   .   c - +7 chain mail of Unkim {+Blink Str+4}
rPois   .          Reflect  .   p - +2 hat
rElec   .          Harm     .   Q - +1 cloak
rCorr   +          Rampage  .   (no gloves)
Will    .....      NoTele   +   (no boots)
Stlth   ..........              (no amulet)
HPRegen 0.28/turn               q - ring of protection from fire
MPRegen 0.13/turn               x - ring of resist corrosion

@: mighty, heroic
A: horns 2, retaliatory headbutt
a: Renounce Religion, Evoke Blink, Heroism, Finesse, Duel


You were in a Gauntlet.
You worshipped Okawaru.
Okawaru was extremely pleased with you.
You visited 3 branches of the dungeon, and saw 13 of its levels.
You also visited: Bailey and Gauntlet.

You collected 484 gold pieces.
You spent 68 gold pieces at shops.

Inventory:

Hand Weapons
 a - a +0 long sword of flaming (weapon)
 E - a +0 hand crossbow
 K - the +4 shortbow of Bodily Harmony {speed, Int+2}
   (You took it off a spriggan in a bailey)

   Attacks with this weapon are significantly faster.
   Int:       It affects your intelligence (+2).
Missiles
 z - a throwing net (quivered)
 F - 98 bolts
Armour
 b - a +0 scale mail
 c - the +7 chain mail of Unkim (worn) {+Blink Str+4}
   (You found it on level 2 of the Dungeon)

   Str:       It affects your strength (+4).
   +Blink:    It lets you blink.
 d - a +0 buckler (worn)
 p - a +2 hat (worn)
 v - a +0 hat
 w - the +1 ice dragon scales of Tiawina {Harm Fly rF- rC++ Str-3 SInv}
   (Okawaru gifted it to you in a Gauntlet)

   Str:       It affects your strength (-3).
   rF:        It makes you vulnerable to fire.
   rC:        It greatly protects you from cold.
   SInv:      It lets you see invisible.
   Fly:       It grants you flight.
   Harm:      It increases damage dealt and taken.
 L - +0 swamp dragon scales
 O - the +1 chain mail of the Eight Boll Weevils {-Cast rElec rN+++ Stlth-}
   (You found it on level 11 of the Dungeon)

   rElec:     It insulates you from electricity.
   rN:        It renders you almost immune to negative energy.
   -Cast:     It prevents spellcasting.
   Stlth:     It makes you less stealthy.
 Q - a +1 cloak (worn)
Jewellery
 q - a ring of protection from fire (left hand)
 r - the ring of the Hare {EV+8}
   (You found it in a Gauntlet)

   [ring of evasion]

   EV:        It affects your evasion (+8).
 x - a ring of resist corrosion (right hand)
 y - a ring of see invisible
 C - a +6 ring of dexterity
Wands
 n - a wand of flame (39)
 s - a wand of mindburst (3)
 P - a wand of paralysis (7)
Scrolls
 e - a scroll of magic mapping
 f - 3 scrolls of noise
 h - a scroll of blinking
 j - 4 scrolls of enchant armour
 l - 2 scrolls of teleportation
 m - 3 scrolls of fear
 u - a scroll of fog
 D - a scroll of summoning
 G - 2 scrolls of immolation
Potions
 i - 4 potions of haste
 k - 2 potions of flight
 t - a potion of curing
 H - a potion of cancellation {unknown}
 I - 3 potions of mutation
 J - 2 potions of heal wounds
 M - a potion of invisibility {unknown}
 R - a potion of ambrosia {unknown}
Miscellaneous
 o - a phantom mirror
 N - a phial of floods


   Skills:
 + Level 10.7(15.7) Fighting
 + Level 14.2(19.2) Long Blades
 + Level 12.0(17.0) Armour
 + Level 4.3(9.3) Dodging
 + Level 1.9(6.9) Stealth
 + Level 9.2(14.2) Shields
 + Level 3.0 Invocations
 + Level 2.7 Evocations


You had 11 spell levels left.
You didn't know any spells.
Your spell library contained the following spells:

 Spells                   Type           Power      Damage    Failure   Level
 Freeze                   Ice            0%         1d3       89%         1
 Magic Dart               Conj           0%         1d3       89%         1
 Pain                     Necr           0%         1d4       89%         1
 Ensorcelled Hibernation  Hex/Ice        0%         N/A       96%         2
 Passwall                 Tmut/Erth      0%         N/A       96%         2
 Sublimation of Blood     Necr           0%         N/A       96%         2
 Wereblood                Tmut           0%         N/A       96%         2
 Conjure Flame            Conj/Fire      0%         6-21      99%         3
 Frozen Ramparts          Ice            0%         1d2       99%         3
 Gell's Gravitas          Tloc           0%         N/A       99%         3
 Ignite Poison            Fire/Tmut/Pois 0%         N/A       99%         3
 Mephitic Cloud           Conj/Pois/Air  0%         N/A       99%         3
 Swiftness                Air            0%         N/A       99%         3
 Teleport Other           Tloc           0%         N/A       99%         3
 Hailstorm                Conj/Ice       0%         3d3       100%        4
 Olgreb's Toxic Radiance  Pois           0%         N/A       100%        4
 Sticky Flame             Conj/Fire      0%         2d3       100%        4
 Agony                    Necr           0%         N/A       100%        5
 Excruciating Wounds      Necr           0%         N/A       100%        5
 Freezing Cloud           Conj/Ice/Air   0%         6-21      100%        5
 Dispersal                Tloc           0%         N/A       100%        6
 Orb of Destruction       Conj           0%         9d5       100%        7
 Ozocubu's Refrigeration  Ice            0%         4d5       100%        7
 Ignition                 Fire           0%         3d3       100%        8
 Call Imp                 Summ           Unusable   N/A       N/A         2
 Summon Guardian Golem    Hex/Summ       Unusable   N/A       N/A         3
 Spellforged Servitor     Conj/Summ      Unusable   N/A       N/A         7
 Summon Hydra             Summ           Unusable   N/A       N/A         7

Dungeon Overview and Level Annotations

Branches:
Dungeon (11/15)            Temple (1/1) D:7            Lair (1/6) D:10
    Orc (0/2) D:11         Bailey (visited)         Gauntlet (1/1)

Altars:
Cheibriados
Dithmenos
Elyvilon
Fedhas
Gozag
Hepliaklqana
Kikubaaqudgha
Makhleb
Nemelex Xobeh
Okawaru
Qazlal
Ru
Sif Muna
Trog
Uskayaw
Vehumet
Wu Jian
Xom
Yredelemnul
Zin
The Shining One

Shops:
D:3 **[*   D:5 =

Annotations:
Gauntlet 8 transporters


Innate Abilities, Weirdness & Mutations

You have a pair of horns on your head.
You reflexively headbutt those who attack you in melee.


Message History

The minotaur freezes you. The minotaur gores you.
You hit the minotaur but do no damage.
You headbutt the minotaur, but do no damage.
The minotaur is heavily wounded.
You hit the minotaur but do no damage.
The minotaur is heavily wounded.
The minotaur hits you but does no damage.
The minotaur freezes you!
The minotaur gores you but does no damage.
You barely miss the minotaur.
The minotaur furiously retaliates!
The minotaur headbutts you, but does no damage.
The minotaur is heavily wounded.
The minotaur hits you with a staff of cold!
The minotaur freezes you!
The minotaur gores you but does no damage.
You barely miss the minotaur.
The minotaur furiously retaliates!
The minotaur headbutts you, but does no damage.
You headbutt the minotaur.
The minotaur is heavily wounded.
The minotaur hits you but does no damage.
The minotaur freezes you! You block the minotaur's attack.
You slash the minotaur! You burn the minotaur. You headbutt the minotaur.
The minotaur is severely wounded.
You hit the minotaur. You burn the minotaur. You headbutt the minotaur.
The minotaur is severely wounded.
The minotaur hits you but does no damage.
The minotaur freezes you! The minotaur barely misses you.
You slash the minotaur! You burn the minotaur.
The minotaur is almost dead.
The minotaur hits you with a staff of cold!!
* * * LOW HITPOINT WARNING * * *
The minotaur freezes you.
* * * LOW HITPOINT WARNING * * *
The minotaur gores you but does no damage.
You hit the minotaur but do no damage. Your headbutt misses the minotaur.
The minotaur is almost dead.
You hit the minotaur but do no damage. Your headbutt misses the minotaur.
The minotaur is almost dead.
The minotaur hits you with a staff of cold!!
You die...

#...##.####.8.....
#.#.##..##≈.......
#.#......##...####
#.#.##....#...#... ###+
#...##.©8.#...#?##
#..⌠.##.#.##....#...#$#.
+⌠.H..'.#....©8.#.8.#©.#
#H#.##....#...#.^#
#@..##.©8.#...#[.^
#.#.##....#...#...
#.#......##...####
#.#.##..##§.......
#...##.####.8..... #####
####........ #≈...#####
##...#333. #≈...#.#..


You could see a minotaur.

Vanquished Creatures
  Harold (D:8)
  A boulder beetle (D:11)
  A centaur warrior (D:11)
  4 two-headed ogres
  A cyclops (D:11)
  Joseph (D:7)
  An unseen horror (D:10)
  2 komodo dragons
  A troll (D:11)
  A hornet (D:8)
  2 meliai zombies (D:11)
  8 flying skulls (Gauntlet)
  7 spriggans (Bailey)
  5 yaks
  Eustachio (D:5)
  2 steam dragons
  Edmund (D:6)
  2 large abominations (Gauntlet)
  An acid dragon (D:11)
  A water moccasin (D:7)
  Duvessa (D:7)
  An ice beast (D:8)
  3 orc warriors
  4 small abominations (Gauntlet)
  8 ogres
  4 sky beasts
  A necrophage (D:5)
  6 centaurs
  2 kobold brigands
  Blork the orc (D:5)
  2 bullfrogs
  A wyvern zombie (D:5)
  4 scorpions
  Dowan (D:7)
  The ghost of Skiberibeda the Skirmisher, a weakling HOFi (D:3)
  6 killer bees (D:9)
  8 wights
  A water moccasin skeleton (D:5)
  A jelly (D:6)
  3 electric eels (D:10)
  2 howler monkeys
  A bullfrog zombie (D:5)
  2 centaur zombies
  A centaur skeleton (D:7)
  4 hounds
  5 orc priests
  3 gnoll shamans
  2 bullfrog skeletons (D:6)
  Crazy Yiuf (D:4)
  Jessica (D:2)
  Terence (D:3)
  5 iguanas
  6 orc wizards
  A scorpion zombie (D:5)
  Natasha (D:2)
  2 killer bee zombies (D:6)
  3 adders
  13 gnolls
  2 shadow imps
  2 worms
  2 dart slugs
  30 orcs
  6 ball pythons
  8 endoplasms
  4 giant cockroaches
  5 goblins
  4 hobgoblins
  A jackal (D:2)
  4 quokkas
  6 bats
  3 frilled lizards
  15 kobolds
  3 rats
252 creatures vanquished.

Vanquished Creatures (others)
  2 fungi (D:4)
  10 plants
12 creatures vanquished.

Grand Total: 264 creatures vanquished

Notes
Turn   | Place    | Note
-------+----------+-------------------------------------------
     0 | D:1      | Peloso the Minotaur Fighter began the quest for the Orb.
     0 | D:1      | Reached XP level 1. HP: 19/19 MP: 0/0
   136 | D:1      | Reached XP level 2. HP: 27/27 MP: 1/1
   985 | D:2      | Identified the +7 chain mail of Unkim {+Blink Str+4}
  1359 | D:2      | Reached skill level 3 in Long Blades
  1396 | D:2      | Reached XP level 3. HP: 33/33 MP: 2/2
  1427 | D:2      | Noticed Jessica
  1434 | D:2      | Killed Jessica
  1772 | D:2      | Noticed Natasha
  1777 | D:2      | Killed Natasha
  1778 | D:2      | Reached skill level 4 in Long Blades
  1778 | D:2      | Reached XP level 4. HP: 35/40 MP: 3/3
  2132 | D:2      | Found a faded altar of an unknown god.
  2187 | D:3      | Found Niykk's Assorted Antiques.
  2199 | D:3      | Found Jeufish's Assorted Antiques.
  2222 | D:3      | Found a runed translucent door.
  2222 | D:3      | Noticed Skiberibeda's ghost (weakling HOFi)
  2222 | D:3      | Noticed Terence
  2230 | D:3      | Killed Terence
  2231 | D:3      | Reached XP level 5. HP: 40/47 MP: 4/4
  2301 | D:3      | Found Vypeodet's Antique Armour Shop.
  2573 | D:3      | Found a glowing golden altar of the Shining One.
  2615 | D:3      | Found Hobruapp's Assorted Antiques.
  2957 | D:4      | Reached skill level 5 in Long Blades
  3161 | D:4      | Reached XP level 6. HP: 52/55 MP: 5/5
  3225 | D:4      | Reached skill level 5 in Armour
  3314 | D:4      | Found a large runed translucent door.
  3314 | D:4      | Found a large runed translucent door.
  3339 | D:4      | Found a shimmering altar of Xom.
  3526 | D:4      | Found a blossoming altar of Fedhas.
  3774 | D:5      | Entered Level 5 of the Dungeon
  3866 | D:5      | Reached skill level 5 in Fighting
  3883 | D:5      | Reached skill level 6 in Long Blades
  3991 | D:5      | Reached XP level 7. HP: 61/61 MP: 6/6
  4031 | D:5      | Found a shimmering blue altar of Sif Muna.
  4136 | D:5      | Noticed Blork the orc
  4145 | D:5      | Killed Blork the orc
  4155 | D:5      | Reached skill level 7 in Long Blades
  4259 | D:5      | Reached skill level 1 in Dodging
  4481 | D:5      | Noticed Eustachio
  4509 | D:5      | Killed Eustachio
  4510 | D:5      | Reached skill level 8 in Long Blades
  4510 | D:5      | Reached XP level 8. HP: 52/69 MP: 7/7
  4764 | D:5      | Found Pogeuzoi's Jewellery Emporium.
  4882 | D:5      | Reached skill level 5 in Shields
  5614 | D:6      | Reached skill level 9 in Long Blades
  5672 | D:6      | Noticed Edmund
  5684 | D:6      | Killed Edmund
  6192 | D:7      | Reached skill level 1 in Stealth
  6238 | D:7      | Found a staircase to the Ecumenical Temple.
  6327 | Temple   | Entered the Ecumenical Temple
  6334 | Temple   | Became a worshipper of Warmaster Okawaru
  6382 | D:7      | Noticed an angel
  6804 | D:7      | Reached XP level 9. HP: 71/74 MP: 8/8
  6885 | D:7      | Noticed Joseph
  6902 | D:7      | Killed Joseph
  6902 | D:7      | Reached * piety under Okawaru
  6903 | D:7      | Reached skill level 10 in Long Blades
  7162 | D:7      | Noticed a rust devil
  7451 | D:7      | Noticed Dowan
  7460 | D:7      | Killed Dowan
  7469 | D:7      | Noticed Duvessa
  7488 | D:7      | Killed Duvessa
  7506 | D:7      | Reached skill level 1 in Evocations
  8245 | D:8      | Noticed Harold
  8262 | D:8      | Killed Harold
  8262 | D:8      | Reached ** piety under Okawaru
  8263 | D:8      | Reached skill level 11 in Long Blades
  8263 | D:8      | Reached XP level 10. HP: 18/88 MP: 6/9
  8564 | D:8      | Reached skill level 1 in Invocations
  9256 | D:8      | Found a sacrificial altar of Ru.
  9270 | D:8      | Noticed a two-headed ogre
  9276 | D:8      | Killed a two-headed ogre
  9277 | D:8      | Reached skill level 12 in Long Blades
  9680 | D:9      | Reached *** piety under Okawaru
  9692 | D:9      | Found a hazy altar of Hepliaklqana.
  9696 | D:9      | Found a hide-covered altar of Uskayaw.
  9696 | D:9      | Found a burning altar of Makhleb.
  9699 | D:9      | Found a radiant altar of Vehumet.
  9717 | D:9      | Found an ornate altar of the Wu Jian Council.
 10320 | D:9      | Noticed a two-headed ogre
 10329 | D:9      | Killed a two-headed ogre
 10795 | D:10     | Entered Level 10 of the Dungeon
 10831 | D:9      | Reached skill level 10 in Armour
 10981 | D:10     | Reached **** piety under Okawaru
 11008 | D:10     | Reached skill level 13 in Long Blades
 11024 | D:10     | Found a flagged portal.
 11034 | Bailey   | Entered a bailey
 11103 | Bailey   | Reached XP level 11. HP: 30/95 MP: 8/11
 11686 | Bailey   | Noticed a two-headed ogre
 11699 | Bailey   | Identified the +4 shortbow of Bodily Harmony {speed, Int+2}
 11934 | Bailey   | Killed a two-headed ogre
 12199 | D:10     | Found a stormy altar of Qazlal.
 12200 | D:10     | Found a bloodstained altar of Trog.
 12251 | D:10     | Found a staircase to the Lair.
 12266 | D:10     | Reached ***** piety under Okawaru
 12836 | D:10     | Found a sparkling altar of Nemelex Xobeh.
 13452 | D:11     | Noticed a two-headed ogre
 13460 | D:11     | Killed a two-headed ogre
 13855 | D:11     | Noticed a boulder beetle
 13900 | D:11     | Killed a boulder beetle
 13901 | D:11     | Reached skill level 10 in Fighting
 14254 | D:11     | Reached skill level 14 in Long Blades
 14424 | D:11     | Found a staircase to the Orcish Mines.
 14438 | D:11     | Identified the +1 chain mail of the Eight Boll Weevils
                  | {-Cast rElec rN+++ Stlth-}
 14472 | D:11     | Noticed a centaur warrior
 14483 | D:11     | Killed a centaur warrior
 15112 | D:3      | Killed Skiberibeda's ghost
 15301 | D:4      | Found a runed translucent door.
 15302 | D:4      | Noticed Crazy Yiuf
 15312 | D:4      | Killed Crazy Yiuf
 15474 | D:3      | Bought a scroll labelled UFIETOJ GIKOXT for 26 gold pieces
 15488 | D:3      | Bought a scroll labelled ZUBLOO HYANUGO for 24 gold pieces
 15520 | D:3      | Bought a fizzy purple potion for 18 gold pieces
 15706 | Lair:1   | Entered Level 1 of the Lair of Beasts
 15712 | Lair:1   | Found the +8 glaive of the Guard {elec, spectral, AC+5}
 15746 | Lair:1   | Found a gate leading to a gauntlet.
 15755 | Gauntlet | Entered a Gauntlet
 15755 | Gauntlet | Found a transporter.
 15758 | Gauntlet | Found a transporter.
 15760 | Gauntlet | Found a transporter.
 15760 | Gauntlet | Noticed a wretched star
 15761 | Gauntlet | Found a transporter.
 15764 | Gauntlet | Found a transporter.
 15765 | Gauntlet | Found a transporter.
 15768 | Gauntlet | Noticed an entropy weaver
 15776 | Gauntlet | Found a transporter.
 15792 | Gauntlet | Noticed a sixfirhy
 15793 | Gauntlet | Noticed a sixfirhy
 15797 | Gauntlet | Noticed a sixfirhy
 15806 | Gauntlet | Found a transporter.
 15806 | Gauntlet | Found a transporter.
 15809 | Gauntlet | Found a transporter.
 15813 | Gauntlet | Noticed a blizzard demon
 15846 | Gauntlet | Found a transporter.
 15878 | Gauntlet | Found a transporter.
 15899 | Gauntlet | Found the ring of the Hare {EV+8}
 16464 | Gauntlet | Reached XP level 12. HP: 34/108 MP: 11/13
 16738 | Gauntlet | Identified the +1 ice dragon scales of Tiawina {Harm Fly
                  | rF- rC++ Str-3 SInv} (Okawaru gifted it to you in a
                  | Gauntlet)
 16738 | Gauntlet | Received a gift from Okawaru
 16850 | Gauntlet | Noticed a minotaur
 16867 | Gauntlet | Slain by a minotaur

Illustrated notes

Levels and vault maps discovered:
D:1:      tarquinn_simple_flora_water_c, layout_basic, grunt_decor_resistance
D:2:      layout_loops_corners, dreamdust_ecumenical_altar_angels_and_demons,
          kennysheep_generic_room_11, uniq_natasha, uniq_jessica
D:3:      layout_basic, tso_metal_star, serial_shops, shop,
          nicolae_shop_advertising_works [nicolae_subvault_shop_adworks],
          nicolae_shop_competitors_out_of_business,
          nicolae_shop_overgrown_old_shop, ebering_ghost_inner_flame,
          uniq_terence
D:4:      due_chaos_kobolds, layout_rooms, lemuel_crystal_altar,
          uniq_crazy_yiuf_cottage
D:5:      layout_gridville, lemuel_coloured_pillars_altar, serial_shops, shop,
          uniq_eustachio, uniq_blork_the_orc
D:6:      nicolae_cairo_tiling, layout_cave_pools, serial_column_ruins,
          column_ruins_columns_straight, column_ruins_open_tiny,
          column_ruins_grid_1, column_ruins_columns_straight,
          column_ruins_columns_plus, column_ruins_open_small,
          kennysheep_generic_room_15, uniq_edmund
D:7:      layout_loops_corners, temple_garden, minmay_fractal_squares_5,
          uniq_joseph, uniq_duvessa
D:8:      layout_basic, lemuel_round_altar, uniq_harold
D:9:      layout_loops_corners, grunt_temple_overflow_open
D:10:     layout_roguey, mainiacjoe_overflow_divided_tiny, kennysheep_mini,
          lair_entry_dummy, enter_bailey_6, serial_bayou, serial_bayou_pond_b,
          serial_bayou_shore_a, serial_bayou_pond_e, serial_bayou_pond_c
D:11:     layout_rooms, orc_0_dummy
Temple:   eino_temple_lava
Lair:1:   layout_small_grid, gauntlet_entry_generic, infiniplex_staircase_pool,
          grunt_megastairs_5
Gauntlet: minmay_gauntlet_mixed_oops_all_seconds
          [minmay_gauntlet_arena_77_checkered,
          gammafunk_gauntlet_arena_split_diamond,
          minmay_gauntlet_arena_77_block_sizes,
          nicolae_gauntlet_arena_flowing_pool,
          minmay_gauntlet_arena_77_hold_the_fort, nicolae_gauntlet_arena_blocks,
          gauntlet_exit_hidden_loot]

Skill      XL: |  1  2  3  4  5  6  7  8  9 10 11 12 |
---------------+-------------------------------------+-----
Fighting       | 4 5 7 8 10 | 10.7
Armour         | 4 5 6 7 8 10 11 12 | 12.0
Shields        | 4 6 7 8 9 |  9.2
Long Blades    | 3 4 5 6 8 9 11 13 14 | 14.2
Dodging        | 1 2 3 4 |  4.3
Stealth        | 1 |  1.9
Evocations     | 1 2 |  2.7
Invocations    | 2 3 |  3.0

Action                   |  1- 3 |  4- 6 |  7- 9 | 10-12 || total
-------------------------+-------+-------+-------+-------++-------
Melee: Long sword        |    64 |   109 |   340 |   484 ||   997
       Headbutt          |     6 |    18 |    62 |    79 ||   165
Invok: Heroism           |       |       |     5 |    33 ||    38
 Abil: Evoke Blink       |     1 |       |       |       ||     1
Evoke: Wand              |       |       |     3 |    28 ||    31
  Use: Scroll            |     1 |     6 |     4 |    11 ||    22
       Potion            |       |       |     1 |     3 ||     4
Armor: Scale mail        |    10 |       |       |       ||    10
       Chain mail        |    14 |    77 |   211 |   281 ||   583
Dodge: Dodged            |    21 |    47 |   145 |   178 ||   391
Block: Buckler           |    15 |    20 |    82 |   124 ||   241
